 Dungeon Crawl Stone Soup version 0.31.0-32-g396128a36d (webtiles) character file.

Game seed: 5550480615109940154

2840 booth the Cleaver (level 9, 0/71 HPs)
             Began as a Demonspawn Gladiator on Apr 16, 2024.
             Succumbed to a hornet's poison
             ... on level 7 of the Dungeon on Apr 17, 2024.
             The game lasted 00:44:47 (7657 turns).

booth the Cleaver (Demonspawn Gladiator)            Turns: 7657, Time: 00:44:48

Health: 0/71       AC: 11    Str: 15 (17) XL:     9   Next: 46%
Magic:  3/3        EV: 11    Int:  9 (11) God:
Gold:   134        SH:  4    Dex: 11 (14) Spells: 8/8 levels left

rFire   + . .        l - +10 dagger "Jole" {antimagic, rF+ rCorr Stlth+}
rCold   . . .        (no shield)
rNeg    + . .        h - +0 ring mail
rPois   .            (helmet restricted)
rElec   .            (no cloak)
rCorr   +            (no gloves)
SInv    .            (no boots)
Will    .....        (no amulet)
Stlth   ++           f - +4 ring of protection
HPRegen 0.31/turn    q - ring of positive energy
MPRegen 0.08/turn

%: no passive effects
@: mighty, lethally poisoned (0 -> -2), attractive
A: antennae 1, foul stench 1, sharp scales 2, condensation shield
a: no special abilities


You were on level 7 of the Dungeon.
You visited 1 branch of the dungeon, and saw 7 of its levels.
You also visited: Sewer.

You collected 283 gold pieces.
You spent 149 gold pieces at shops.

Inventory:

Hand Weapons
 a - a +2 war axe of draining
 l - the +10 dagger "Jole" (weapon) {antimagic, rF+ rCorr Stlth+}
   (You found it on level 3 of the Dungeon)

   rF+:       It protects you from fire.
   rCorr:     It protects you from acid and corrosion.
   Stlth+:    It makes you more stealthy.
 r - a +2 flail of protection
Missiles
 d - 3 throwing nets
 j - 18 poisoned darts
Armour
 h - a +0 ring mail (worn)
Jewellery
 f - a +4 ring of protection (left hand)
 q - a ring of positive energy (right hand)
Wands
 m - a wand of charming (12)
 s - a wand of polymorph (9)
Scrolls
 b - 2 scrolls of teleportation
 c - a scroll of immolation
 i - a scroll of poison
 k - a scroll of blinking
 o - 2 scrolls of vulnerability
 p - a scroll of amnesia
 w - a scroll of revelation
 y - a scroll of fear {unknown}
 B - a scroll of fog
Potions
 g - 3 potions of invisibility
 t - a potion of enlightenment
 u - a potion of lignification
 x - a potion of magic
 z - 2 potions of brilliance


   Skills:
 + Level 6.8 Fighting
 * Level 8.9 Axes
 + Level 6.2 Throwing
 - Level 2.8 Dodging


You had 8 spell levels left.
You didn't know any spells.
Your spell library contained the following spells:

 Spells                   Type           Power      Damage    Failure   Level
 Apportation              Tloc           0%         N/A       63%         1
 Magic Dart               Conj           0%         1d3       63%         1
 Jinxbite                 Hex            0%         N/A       77%         2
 Searing Ray              Conj           0%         2d4       77%         2
 Tukima's Dance           Hex            0%         N/A       94%         3
 Dimensional Bullseye     Hex/Tloc       0%         N/A       100%        4
 Fulminant Prism          Conj/Alch      0%         3d5       100%        4
 Iskenderun's Mystic Bla  Conj/Tloc      0%         2d3       100%        4
 Alistair's Intoxication  Alch           0%         N/A       100%        5


Dungeon Overview and Level Annotations

Branches:
Dungeon (7/15)              Sewer (visited)
 Temple: D:4-7

Altars:
Kikubaaqudgha
Makhleb
Ru
Uskayaw
Xom
Yredelemnul

Shops:
D:1 *   D:5 ?*


Innate Abilities, Weirdness & Mutations

You have a pair of small antennae on your head.
You may rarely emit foul miasma when damaged in melee.
You are mostly covered in razor-sharp scales. (AC +2, Slay +2)
A meltable shield of frost defends you. (SH +4)


Message History

The hornet is heavily wounded.
You feel sick. The hornet barely misses you. x2
You puncture the hornet!
The hornet is almost dead.
You feel sick.
The hornet stings you but does no damage.
You hit the hornet but do no damage.
The hornet is almost dead.
You feel sick. The hornet stings you!
* * * LOW HITPOINT WARNING * * *
You are lethally poisoned!
You feel yourself slow down. The hornet misses you.
You puncture the hornet!
You kill the hornet!
* * * LOW HITPOINT WARNING * * *
You feel very sick.
Your life force feels restored.
* * * LOW HITPOINT WARNING * * *
You feel very sick.
Things that are here:
a +0 short sword; a +0 club You feel yourself speed up.
* * * LOW HITPOINT WARNING * * *
You feel sick.
* * * LOW HITPOINT WARNING * * *
You feel sick.
Things that are here:
a +0 short sword; a kobold corpse It was a potion of degeneration.
There was something very wrong with that liquid.
You feel weakened.
You feel dopey.
You feel clumsy.
* * * LOW HITPOINT WARNING * * *
You feel sick.
It was a potion of might.
You feel very mighty all of a sudden.
* * * LOW HITPOINT WARNING * * *
You feel sick.
It was a potion of attraction.
You feel attractive to monsters.
You die...

#.......#.#.#.######
#........#.#....).)
##'###.###.########
#####.# #.# #.#
#.....# #.###.#
#...†.###.....#
#....)#.......#
#.....+)...y..#
#...)@#)#........
#######...#.....#
#...#..####
..#.#....
.###.#..##. .k ...
.# #. .. #. ... #
...


There were no monsters in sight!

Vanquished Creatures
  Jeremiah (D:7)
  A hornet (D:7)
  A wyvern (D:7)
  A water moccasin (D:5)
  2 sky beasts (D:6)
  2 ice beasts (D:5)
  An ogre (D:4)
  A phantom (D:6)
  A kobold brigand (D:7)
  2 brain worms (Sewer)
  A bullfrog (D:6)
  A scorpion (D:5)
  5 wights (D:7)
  5 killer bees (D:6)
  A howler monkey (D:6)
  2 bombardier beetles
  A hound (D:5)
  An orc priest (D:6)
  A jelly (D:6)
  6 iguanas
  A sleepcap (D:5)
  2 orc wizards (D:6)
  Robin (D:3)
  17 adders
  6 river rats (Sewer)
  A shadow imp (D:5)
  A white imp (D:6)
  5 dart slugs
  3 ribbon worms
  10 orcs
  7 ball pythons
  8 bats
  3 endoplasms (D:4)
  9 giant cockroaches
  25 goblins
  9 hobgoblins
  6 quokkas
  7 frilled lizards
  A goblin skeleton (D:4)
  12 kobolds
  12 rats
183 creatures vanquished.

Notes
Turn   | Place    | Note
-------+----------+-------------------------------------------
     0 | D:1      | booth the Demonspawn Gladiator began the quest for the Orb.
     0 | D:1      | Reached XP level 1. HP: 16/16 MP: 1/1
   120 | D:1      | Gained mutation: You are partially covered in razor-sharp
                  | scales. (AC +1, Slay +1) [demonic ancestry]
   120 | D:1      | Reached XP level 2. HP: 15/22 MP: 2/2
   291 | D:1      | Found Gadick's General Store.
   357 | D:1      | Reached skill level 3 in Axes
   947 | D:1      | Bought a scroll of identify for 26 gold pieces
  1000 | D:2      | Gained mutation: A meltable shield of frost defends you.
                  | (SH +4) [demonic ancestry]
  1000 | D:2      | Reached XP level 3. HP: 23/28 MP: 3/3
  1438 | D:2      | Gained mutation: You have a pair of small antennae on your
                  | head. [demonic ancestry]
  1438 | D:2      | Reached XP level 4. HP: 34/34 MP: 4/4
  1535 | D:2      | Found a burning altar of Makhleb.
  2248 | D:3      | Reached skill level 4 in Axes
  2291 | D:3      | Identified the +10 dagger "Jole" {antimagic, rF+ rCorr
                  | Stlth+}
  2310 | D:3      | Reached XP level 5. HP: 41/41 MP: 1/5
  2404 | D:3      | Found a hide-covered altar of Uskayaw.
  2561 | D:3      | Found a sacrificial altar of Ru.
  2707 | D:3      | Noticed Robin
  2724 | D:3      | Killed Robin
  3309 | D:4      | Found a runed translucent door.
  3309 | D:4      | Noticed a human
  3320 | D:4      | Found a basalt altar of Yredelemnul.
  3736 | D:4      | Noticed an ogre
  3748 | D:4      | Killed an ogre
  3749 | D:4      | Gained mutation: You are mostly covered in razor-sharp
                  | scales. (AC +2, Slay +2) [demonic ancestry]
  3749 | D:4      | Reached XP level 6. HP: 48/48 MP: 2/6
  3932 | D:5      | Entered Level 5 of the Dungeon
  3943 | D:5      | Reached skill level 5 in Axes
  4016 | D:5      | Noticed an ice beast
  4028 | D:5      | Killed an ice beast
  4125 | D:5      | You fall into a shaft and drop 1 floor!
  4190 | D:6      | Gained mutation: You may rarely emit foul miasma when
                  | damaged in melee. [demonic ancestry]
  4190 | D:6      | Reached XP level 7. HP: 52/54 MP: 2/7
  4292 | D:5      | Found Roemmiz's Serpentskin Sales.
  4413 | D:5      | Found an ancient bone altar of Kikubaaqudgha.
  4418 | D:5      | Found a shimmering altar of Xom.
  4446 | D:5      | Reached skill level 6 in Axes
  4460 | D:5      | Found Xont's Magic Scroll Boutique.
  4466 | D:5      | Bought a scroll of brand weapon for 123 gold pieces
  4531 | D:5      | Found a glowing drain.
  4556 | Sewer    | Entered a sewer
  5188 | D:5      | Reached skill level 5 in Fighting
  5188 | D:5      | Reached XP level 8. HP: 47/62 MP: 2/8
  5732 | D:6      | Reached skill level 7 in Axes
  5754 | D:6      | Reached skill level 5 in Throwing
  6520 | D:6      | Reached skill level 8 in Axes
  7166 | D:7      | Reached XP level 9. HP: 69/69 MP: 3/9
  7185 | D:7      | Noticed Jeremiah
  7216 | D:7      | Killed Jeremiah
  7645 | D:7      | Paralysed by a hornet for 2 turns
  7654 | D:7      | HP: 2/71 [poisoned by a hornet]
  7657 | D:7      | Succumbed to a hornet's poison

Illustrated notes

Levels and vault maps discovered:
D:1:      mrwooster_arrival_statue_3, layout_basic, serial_shops,
          nicolae_shop_real_fake_doors
D:2:      layout_basic, basic_altar
D:3:      kennysheep_six_static_rooms, layout_basic, nicolae_uskayaw_dance_hall,
          nicolae_ru_the_path_less_chosen, uniq_robin
D:4:      layout_loops_corners, kennysheep_mini_moat, dk_yredelemnul_ordeal,
          minmay_goblin_outpost
D:5:      layout_loops_ring, mainiacjoe_overflow_big_doors,
          gup_sewer_entry_pipe, serial_shops, nicolae_shop_rolling_square,
          grunt_ministairs_8, guppyfry_shop_venom
D:6:      layout_layer_cave
D:7:      minmay_bubble_buster, layout_basic, chei_slow_surprise,
          minmay_temple_entry_overgrown, minmay_nine_imps, uniq_jeremiah

Skill      XL: |  1  2  3  4  5  6  7  8  9 |
---------------+----------------------------+-----
Throwing       | 2 3 4 5 6 |  6.2
Axes           | 3 4 5 6 8 |  8.9
Fighting       | 3 4 5 6 |  6.8
Dodging        | |  2.8

Action                     |  1- 3 |  4- 6 |  7- 9 || total
---------------------------+-------+-------+-------++-------
  Melee: War axe           |   113 |    49 |       ||   162
         Dagger            |       |   114 |   255 ||   369
         Punch             |       |     2 |     4 ||     6
  Throw: Boomerang         |       |     4 |    11 ||    15
         Dart              |       |       |    20 ||    20
         Javelin           |       |       |    11 ||    11
    Use: Scroll            |     4 |    10 |     6 ||    20
         Potion            |       |       |     5 ||     5
   Stab: Sleeping          |     1 |       |     2 ||     3
         Distracted        |       |       |     1 ||     1
 Armour: Leather armour    |    54 |       |       ||    54
         Ring mail         |    30 |   112 |   155 ||   297
         Skin              |       |     7 |       ||     7
  Dodge: Dodged            |    67 |    67 |   105 ||   239
  Block: Other             |     7 |    24 |    33 ||    64
